cohdb
Replays
Latest Replays
All Replays
Popular Replays
Top Player Replays
Match Explorer
How It Works
Community
CoH3 Stats
Reddit
Sign in to upload your games and track your stats! →
Sign in with Steam
Match 42747073
Unlisted
Match 42747073
Overview
Messages
Build Orders
End
Royal Engineer Section
Vickers Machine Gun Team
Selects Australian Defense Battlegroup
Selects Australian Light Infantry Section
Australian Light Infantry Section
Construct Section Command Post
Dingo Light Scout Car
Construct Platoon Command Post
Humber Armored Car
Selects 2-pounder Anti-tank Gun Team
Australian Light Infantry Section
Australian Light Infantry Section
Big Ounce
Trion
0
0
Comments
sign in to comment!
No comments posted yet!